 Dungeon Crawl Stone Soup version 0.31.0-1-g2c135a0 (webtiles) character file.

Game seed: 4168493614362792810

1094 thisguy2468 the Shooter (level 8, -11/5 (6) HPs)
             Began as a Formicid Hunter on Jan 28, 2024.
             Mangled by Jeremiah
             ... wielding a +3 trident of draining
              (12 damage)
             ... on level 6 of the Dungeon.
             The game lasted 00:18:25 (5105 turns).

thisguy2468 the Shooter (Formicid Hunter)           Turns: 5105, Time: 00:18:27

HP:   -11/5 (6)     AC:  0    Str: 16    XL:     8   Next: 57%
MP:   17/17         EV: 13    Int:  9    God:
Gold: 279           SH:  0    Dex: 19    Spells: 7/7 levels left

rFire   . . .        m - +7 war axe of the Keeping Boar {freeze, rN+ MP+9}
rCold   . . .        (no shield)
rNeg    + . .        k - melded +1 ring mail {rC+}
rPois   .            (helmet unavailable)
rElec   .            (no cloak)
rCorr   .            (no gloves)
SInv    +            (no boots)
Will    +....        i - amulet of magic regeneration
Stlth   ++           l - ring of willpower
HPRegen 0.20/turn    (no ring)
MPRegen 0.55/turn

%: no passive effects
@: maw-form, heavily drained
A: devouring maw, reduced hp, permanent stasis, dig shafts and tunnels, antennae
3, four strong arms
a: Dig, Shaft Self, Begin Untransformation


You were on level 6 of the Dungeon.
You were a creature with a mouth for a stomach.
You visited 1 branch of the dungeon, and saw 6 of its levels.

You collected 279 gold pieces.

Inventory:

Hand Weapons
 a - a +0 shortbow
 m - the +7 war axe of the Keeping Boar (weapon) {freeze, rN+ MP+9}
   (You found it on level 2 of the Dungeon)

   rN+:       It protects you from negative energy.
   MP+9:      It affects your magic capacity (+9).
 y - the +4 hand axe "Oroafer" {elec, Fly rElec Str+2 Int-4}
   (You found it on level 4 of the Dungeon)

   Str+2:     It affects your strength (+2).
   Int-4:     It affects your intelligence (-4).
   rElec:     It insulates you from electricity.
   Fly:       It grants you flight.
Missiles
 t - 12 poisoned darts
 H - a throwing net
Armour
 c - a +0 leather armour
 e - a +0 chain mail
 k - a +1 ring mail of cold resistance (melded)
Jewellery
 i - an amulet of magic regeneration (around neck)
 l - a ring of willpower (left hand)
 s - a +4 ring of slaying
Talismans
 d - a serpent talisman
 w - a maw talisman (active)
Scrolls
 b - a scroll of butterflies
 f - a scroll of revelation {unknown}
 n - 2 scrolls of blinking
 o - a scroll of torment {unknown}
 q - a scroll of noise {unknown}
 u - a scroll of enchant armour {unknown}
 v - a scroll of amnesia {unknown}
 x - a scroll of enchant weapon {unknown}
 z - a scroll of fear {unknown}
 A - a scroll of poison {unknown}
 B - a scroll of teleportation {unknown}
 G - a scroll of vulnerability {unknown}
 J - a scroll of identify {unknown}
Potions
 g - 2 potions of enlightenment {unknown}
 h - a potion of mutation {unknown}
 j - a potion of invisibility {unknown}
 p - a potion of resistance {unknown}
 r - a potion of magic {unknown}
 C - 2 potions of curing {unknown}
 D - a potion of degeneration {unknown}
 E - a potion of might {unknown}
 F - a potion of lignification {unknown}
 I - 2 potions of heal wounds {unknown}


   Skills:
 + Level 4.4 Fighting
 + Level 5.4 Axes
 + Level 5.8 Ranged Weapons
 + Level 4.6 Armour
 + Level 2.4 Dodging
 + Level 2.6 Stealth


You had 7 spell levels left.
You didn't know any spells.
Your spell library contained the following spells:

 Spells                   Type           Power      Damage    Failure   Level
 Gell's Gravitas          Tloc           0%         N/A       77%         3
 Teleport Other           Tloc           0%         N/A       77%         3
 Dispersal                Tloc           0%         N/A       100%        6


Dungeon Overview and Level Annotations

Branches:
Dungeon (6/15)
 Temple: D:4-7

Altars:

Annotations:
D:6 Jeremiah


Innate Abilities, Weirdness & Mutations

You are a creature with a mouth for a stomach.
Your midsection houses a second, enormous mouth.
Your maximum health is decreased, since you lack skill for your form.
You cannot be hasted, slowed, berserked, paralysed or teleported.
You can dig through walls and to a lower floor.
You have a pair of large antennae on your head. (SInv)
Your four strong arms can wield two-handed weapons with a shield.


Message History

You barely miss the butterfly.
The butterfly disappears in a burst of colours!
The butterfly disappears in a burst of colours!
You see here a fuming red potion.
The butterfly disappears in a burst of colours! x2
You see here a +0 trident.
As you read the scroll labelled FEYFEY ORYQONE, it crumbles to dust.
Your stasis prevents you from teleporting.
It was a scroll of blinking.
Jeremiah is nearby!
You begin transforming.
You continue transforming. x3
You turn into a creature with a mouth for a stomach.
Your +1 ring mail of cold resistance melds into your body.
You feel less resistant to cold.
HP restored.
The butterfly disappears in a burst of colours!
You barely miss the butterfly. Your bite misses the butterfly.
You slash the butterfly! You freeze the butterfly.
You kill the butterfly!
The butterfly disappears in a burst of colours!
You hit the butterfly. You freeze the butterfly.
You kill the butterfly!
The butterfly disappears in a burst of colours! x2
You completely miss the butterfly. You bite the butterfly.
You kill the butterfly!
The butterfly disappears in a burst of colours!
You hit the butterfly. You freeze the butterfly.
You kill the butterfly!
The butterfly disappears in a burst of colours!
Jeremiah hits you from afar with a +3 trident of draining.
Ouch! That really hurt!
* * * LOW HITPOINT WARNING * * *
You partially resist.
You feel drained.
You miss the butterfly. Your bite misses the butterfly.
You slash the butterfly! You freeze the butterfly.
You kill the butterfly!
The butterfly disappears in a burst of colours!
Jeremiah hits you from afar with a +3 trident of draining!
Ouch! That really hurt!
You die...
Jeremiah wails, "I didn't mean to kill anyone!
I'm not a murderer!"

.........###...#
#######
########.<##...#
#......
##..#...#
#.####. #....##
#.... #.....#
#.### #####.###
#.# # #b..# #.#
# ###.## #.# #
#.W### #.# #
##bbb# #.# #
###F# #.# . #b#
#<# #{## ###
#{.# ##.## #Fb#
##.#####


You could see Jeremiah.

Vanquished Creatures
  Grinder (D:5)
  Sigmund (D:2)
  A black bear (D:6)
  Blork the orc (D:5)
  2 scorpions
  2 hounds
  A gnoll bouda (D:6)
  Crazy Yiuf (D:3)
  4 orc wizards
  Robin (D:3)
  4 gnolls (D:6)
  5 adders
  2 shadow imps (D:5)
  A dart slug (D:2)
  2 ribbon worms
  19 orcs
  8 ball pythons
  8 endoplasms
  6 giant cockroaches
  15 goblins
  13 hobgoblins
  5 jackals
  8 kobolds
  A quokka (D:4)
  8 bats
  3 frilled lizards
  2 rats
125 creatures vanquished.

Notes
Turn   | Place    | Note
-------+----------+-------------------------------------------
     0 | D:1      | thisguy2468 the Formicid Hunter began the quest for the
                  | Orb.
     0 | D:1      | Reached XP level 1. HP: 16/16 MP: 1/1
   198 | D:1      | Reached XP level 2. HP: 22/22 MP: 2/2
   708 | D:1      | Reached XP level 3. HP: 28/28 MP: 3/3
   958 | D:2      | Identified the +7 war axe of the Keeping Boar {freeze, rN+
                  | MP+9}
  1091 | D:2      | Noticed Sigmund
  1109 | D:2      | Killed Sigmund
  1110 | D:2      | Reached skill level 1 in Axes
  1110 | D:2      | Reached skill level 5 in Ranged Weapons
  1110 | D:2      | Reached skill level 1 in Armour
  1110 | D:2      | Reached XP level 4. HP: 23/35 MP: 4/4
  1110 | D:2      | Reached XP level 5. HP: 27/41 MP: 5/5
  1158 | D:2      | Reached XP level 6. HP: 26/47 MP: 6/6
  1622 | D:3      | Noticed Robin
  1631 | D:3      | Killed Robin
  2345 | D:3      | Found a runed translucent door.
  2346 | D:3      | Noticed Crazy Yiuf
  2350 | D:3      | Killed Crazy Yiuf
  3049 | D:4      | Reached XP level 7. HP: 37/52 MP: 7/7
  3248 | D:4      | Identified the +4 hand axe "Oroafer" {elec, Fly rElec Str+2
                  | Int-4}
  3724 | D:5      | Entered Level 5 of the Dungeon
  3921 | D:5      | Noticed Blork the orc
  3930 | D:5      | Killed Blork the orc
  4349 | D:5      | Noticed Grinder
  4363 | D:5      | Killed Grinder
  4364 | D:5      | Reached XP level 8. HP: 49/60 MP: 8/8
  4794 | D:6      | Reached skill level 5 in Axes
  5041 | D:6      | Noticed Jeremiah
  5105 | D:6      | Mangled by Jeremiah

Illustrated notes

Levels and vault maps discovered:
D:1:      lemuel_arrival_room, layout_basic
D:2:      layout_basic, minmay_pentomino_o2, uniq_sigmund
D:3:      layout_loops_corners, uniq_crazy_yiuf_cottage, uniq_robin
D:4:      layout_basic
D:5:      layout_basic, serial_bayou_crossing, uniq_blork_the_orc, uniq_grinder
D:6:      layout_basic, uniq_jeremiah

Skill      XL: |  1  2  3  4  5  6  7  8 |
---------------+-------------------------+-----
Fighting       | 3 4 |  4.4
Axes           | 1 2 4 5 |  5.4
Ranged Weapons | 5 |  5.8
Armour         | 1 2 4 |  4.6
Stealth        | 2 |  2.6
Dodging        | 2 |  2.4

Action                     |  1- 3 |  4- 6 |  7- 9 || total
---------------------------+-------+-------+-------++-------
  Melee: War axe           |    12 |    93 |    96 ||   201
         Punch             |       |       |     2 ||     2
         Maw               |       |       |     1 ||     1
   Fire: Shortbow          |    44 |       |       ||    44
    Use: Scroll            |       |       |     1 ||     1
   Stab: Sleeping          |       |     2 |       ||     2
         Distracted        |       |     1 |       ||     1
 Armour: Leather armour    |     3 |       |       ||     3
         Chain mail        |     4 |       |       ||     4
         Ring mail         |    19 |    72 |    75 ||   166
         Skin              |       |       |     2 ||     2
  Dodge: Dodged            |    14 |    75 |    51 ||   140
   Form: Maw               |       |       |     1 ||     1
